Map: Orbital Shipyard

Players

MelloW (Nina)

  • Race: Protoss Protoss
  • League: Grandmaster

TYTY (TY) - Winner!

  • Race: Terran Terran
  • League: Diamond

Event: DreamHack ROCCAT LotV Championship

VOD

Have the link to the VOD?

Description

Time

  • Played on: Nov. 27, 2015, 9:07 a.m.
  • Length: 11:56

All games in this series

Show
View Real Time Build Order
Export as new Build Order

MelloW Protoss 

Build Orders: Nexus First, Blink Stalkers 

Get SALT Encoding   

  12  0:01  Probe (Chrono Boost)  
  13  0:11  Probe (Chrono Boost)  
  14  0:18  Pylon  
  14  0:22  Probe (Chrono Boost)  
  15  0:36  Probe (Chrono Boost)  
  16  0:47  Probe (Chrono Boost)  
  17  0:57  Nexus  
  17  1:02  Probe (Chrono Boost)  
  18  1:11  Gateway  
  18  1:13  Probe (Chrono Boost)  
  19  1:18  Assimilator  
  19  1:24  Probe (Chrono Boost)  
  20  1:27  Assimilator  
  20  1:35  Probe (Chrono Boost)  
  20  1:37  Pylon  
  21  1:45  Probe (Chrono Boost)  
  22  1:56  Probe (Chrono Boost)  
  22  1:57  Gateway  
  23  2:03  Cybernetics Core  
  23  2:06  Probe (Chrono Boost)  
  24  2:13  Zealot (Chrono Boost)  
  24  2:14  Probe  
  27  2:19  Probe  
  28  2:28  Probe (Chrono Boost)  
  29  2:40  Mothership Core (Chrono Boost), Probe (Chrono Boost)  
  29  2:41  Warp Gate  
  33  2:44  Adept  
  33  2:51  Probe (Chrono Boost)  
  35  2:58  Probe (Chrono Boost)  
  35  3:01  Probe (Chrono Boost)  
  35  3:02  Adept  
  38  3:10  Probe (Chrono Boost), Twilight Council  
  39  3:13  Probe (Chrono Boost)  
  40  3:21  Probe (Chrono Boost)  
  40  3:24  Probe (Chrono Boost)  
  42  3:28  Pylon  
  42  3:32  Probe (Chrono Boost)  
  43  3:34  Probe (Chrono Boost)  
  44  3:42  Probe (Chrono Boost)  
  44  3:44  Probe (Chrono Boost)  
  44  3:47  Blink (Chrono Boost)  
  46  3:51  Robotics Facility  
  46  3:53  Probe  
  46  3:54  Probe  
  47  4:01  Assimilator x2  
  48  4:04  Probe  
  48  4:05  Probe  
  48  4:06  Stalker  
  52  4:17  Stalker (Chrono Boost)  
  52  4:18  Probe x2  
  52  4:21  Pylon  
  54  4:30  Pylon  
  54  4:31  Probe  
  54  4:35  Pylon  
  54  4:37  Pylon  
  53  4:38  Probe  
  53  4:43  Stalker (Chrono Boost)  
  56  4:49  Probe  
  56  4:51  Probe  
  58  4:57  Nexus  
  58  4:59  Observer (Chrono Boost)  
  59  5:01  Probe  
  59  5:03  Probe  
  59  5:05  Pylon  
  61  5:10  Gateway  
  61  5:12  Gateway  
  61  5:17  Gateway  
  61  5:20  Warp Prism (Chrono Boost)  
  62  5:24  Probe  
  64  5:35  Gateway  
  64  5:39  Probe  
  64  5:40  Probe  
  64  5:42  Forge  
  66  5:44  Stalker x2  
  70  5:51  Probe  
  70  5:56  Probe  
  72  5:58  Robotics Bay  
  72  6:03  Probe  
  73  6:08  Probe  
  73  6:10  Probe  
  73  6:11  Resonating Glaives (Chrono Boost)  
  74  6:15  Probe  
  74  6:16  Pylon  
  76  6:19  Stalker x3  
  76  6:20  Stalker  
  76  6:24  Stalker  
  86  6:26  Protoss Ground Armor Level 1 (Chrono Boost)  
  86  6:29  Probe  
  87  6:34  Gateway  
  87  6:37  Probe  
  87  6:38  Probe  
  89  6:41  Sentry x2, Assimilator x2  
  89  6:42  Sentry  
  89  6:46  Disruptor (Chrono Boost)  
  98  6:51  Probe, Gravitic Drive  
  99  7:01  Gateway  
  99  7:05  Stalker  
  99  7:06  Stalker x4  
  103  7:21  Disruptor (Chrono Boost)  
  90  7:23  Probe  
  90  7:27  Adept x2  
  90  7:28  Probe  
  82  7:31  Probe  
  82  7:35  Probe  
  84  7:39  Adept  
  84  7:40  Adept x3  
  84  7:41  Gateway  
  92  7:54  Disruptor (Chrono Boost)  
  92  7:55  Pylon  
  92  7:57  Stalker x3, Pylon  
  101  7:59  Pylon  
  101  8:11  Nexus  
  101  8:13  Pylon x3  
  101  8:16  Stalker x2, Pylon  
  101  8:17  Stalker x2  
  101  8:18  Pylon  
  109  8:22  Protoss Ground Armor Level 2 (Chrono Boost)  
  109  8:25  Photon Cannon  
  109  8:26  Observer  
  108  8:42  Probe x2  
  108  8:49  Probe  
  108  8:50  Adept x2  
  108  8:55  Adept, Photon Cannon  
  115  8:58  Adept x4  
  123  9:06  Zealot  
  125  9:12  Nexus  
  125  9:13  Pylon  
  125  9:19  Disruptor  
  121  9:38  Stalker x2  
  121  9:39  Stalker x6  
  121  9:40  Pylon  
  121  9:42  Pylon  
  137  9:52  Pylon  
  116  10:02  Stalker x4  
  116  10:03  Adept x2  
  116  10:04  Adept  
  124  10:07  Probe  
  118  10:20  Adept  
  120  10:25  Adept x2  
  120  10:28  Disruptor  
  112  10:36  Probe  
  113  10:48  Probe  
  114  10:55  Probe  
  114  10:57  Probe  
  116  11:03  Nexus  
  114  11:05  Probe  
  111  11:13  Adept x2  
  111  11:16  Pylon  
  111  11:17  Pylon  
  111  11:18  Adept x3  
  121  11:22  Adept  
  123  11:25  Probe  
  124  11:37  Adept x3  
  122  11:41  Probe  
Show
View Real Time Build Order
Export as new Build Order

TYTY Terran - Winner!

Build Orders: Reaper Expand, MMM Bio 

Get SALT Encoding   

  12  0:00  SCV  
  13  0:13  SCV  
  14  0:17  Supply Depot  
  14  0:25  SCV  
  15  0:39  SCV  
  15  0:40  Barracks  
  16  0:45  Refinery  
  16  0:51  SCV  
  17  1:03  SCV  
  18  1:15  SCV  
  19  1:27  Orbital Command  
  19  1:29  Reaper  
  20  1:39  Command Center  
  20  1:48  Supply Depot  
  20  1:53  SCV  
  21  2:01  Barracks Reactor  
  21  2:05  SCV  
  22  2:17  SCV  
  23  2:27  Factory  
  23  2:29  SCV  
  24  2:37  Marine  
  24  2:38  Marine  
  24  2:42  SCV  
  27  2:45  Command Center  
  27  2:54  SCV  
  27  2:55  Marine  
  27  2:56  Marine  
  30  2:59  Orbital Command  
  30  3:06  SCV  
  30  3:11  Factory Tech Lab  
  31  3:13  Marine  
  31  3:14  Marine  
  31  3:18  SCV  
  34  3:23  Engineering Bay  
  34  3:25  SCV  
  35  3:30  Cyclone  
  35  3:31  Marine  
  35  3:33  SCV  
  39  3:35  Marine  
  39  3:40  SCV  
  41  3:45  SCV  
  42  3:49  Marine  
  42  3:51  Barracks  
  42  3:52  SCV  
  42  3:53  Marine  
  45  3:57  SCV, Barracks  
  45  4:00  Orbital Command  
  46  4:04  SCV  
  46  4:07  Marine  
  48  4:11  Marine  
  48  4:14  Siege Tank  
  48  4:15  SCV  
  48  4:16  SCV  
  54  4:25  Marine  
  54  4:27  SCV  
  54  4:28  SCV x2  
  54  4:29  Marine  
  54  4:30  Refinery x2  
  58  4:36  Refinery  
  58  4:39  SCV  
  58  4:40  SCV  
  58  4:41  SCV  
  58  4:43  Marine  
  60  4:47  Marine  
  60  4:50  Barracks Tech Lab  
  60  4:52  SCV x2  
  58  5:00  Marine  
  58  5:01  Barracks  
  58  5:04  SCV x2, Barracks  
  61  5:08  Supply Depot x2  
  61  5:09  Supply Depot, Stimpack  
  61  5:14  Factory Reactor  
  61  5:24  Starport  
  61  5:29  Marine x4  
  61  5:30  SCV x3  
  61  5:33  Engineering Bay  
  61  5:34  Supply Depot, Engineering Bay  
  68  5:42  SCV x3  
  71  5:48  Combat Shields, Marauder x2  
  75  5:50  Barracks Tech Lab  
  75  5:52  Barracks Reactor  
  75  5:56  SCV x2  
  77  5:58  SCV  
  77  6:00  Terran Infantry Weapons Level 1, Supply Depot  
  77  6:01  Terran Infantry Armor Level 1, Factory Reactor, Supply Depot  
  77  6:03  Marine  
  77  6:04  Orbital Command  
  79  6:05  Marine  
  80  6:14  Marauder x2  
  80  6:15  Marauder  
  80  6:16  Missile Turret  
  80  6:17  SCV x2  
  88  6:24  Medivac  
  88  6:25  Bunker  
  90  6:27  Medivac  
  90  6:29  SCV x3  
  90  6:30  Marine x2  
  97  6:35  Refinery  
  97  6:39  Widow Mine x2  
  101  6:42  Supply Depot, Marine x2  
  101  6:46  Marauder  
  101  6:47  Marauder  
  107  6:49  Marauder  
  109  7:03  Medivac  
  109  7:14  Marine x4  
  109  7:15  Widow Mine x2, Marauder x2  
  95  7:24  Medivac  
  95  7:26  SCV x2  
  95  7:27  SCV  
  95  7:29  Barracks Tech Lab  
  96  7:32  Marine x4  
  96  7:33  Medivac  
  96  7:36  Marauder x2  
  106  7:38  SCV x2, Missile Turret  
  106  7:39  Armory, SCV  
  106  7:41  Missile Turret  
  109  7:44  Supply Depot x2  
  109  7:46  Concussive Shells  
  109  7:47  Widow Mine x2  
  109  7:48  Liberator  
  109  7:49  Liberator  
  113  7:53  Marine x2, Marauder  
  117  8:05  SCV x3, Marine x2  
  117  8:10  Supply Depot  
  117  8:12  Supply Depot  
  128  8:13  Missile Turret  
  128  8:18  SCV x2  
  130  8:20  Widow Mine  
  130  8:23  Starport  
  132  8:27  Marine  
  132  8:29  Supply Depot  
  132  8:31  Marine  
  132  8:32  Marauder x2  
  132  8:33  Liberator x2  
  138  8:43  Marauder, Marine x2  
  138  8:45  Marine  
  142  8:49  Marine  
  142  8:53  Marauder  
  142  8:54  Marine  
  142  8:55  Missile Turret  
  150  8:57  Refinery  
  150  8:58  Terran Infantry Armor Level 2, Liberator  
  150  9:01  Marine x2  
  151  9:02  Marine  
  151  9:04  Marine  
  151  9:06  Liberator  
  151  9:07  Marine  
  151  9:08  Command Center  
  154  9:20  Marine x4  
  154  9:23  Marine  
  154  9:24  Marine x2  
  155  9:37  Marine  
  150  9:39  Marauder, Marine  
  150  9:40  Liberator, Marauder  
  150  9:41  Marine  
  150  9:42  Marine  
  157  9:49  Supply Depot x2  
  157  9:50  Supply Depot  
  157  9:53  Marauder, Liberator  
  157  9:55  Marine  
  157  10:10  SCV, Marine x4  
  157  10:11  SCV, Barracks x2  
  157  10:13  Marine x2  
  154  10:29  Marine x3  
  154  10:30  Marauder x2  
  154  10:31  Marine, Medivac x2  
  161  10:47  Medivac  
  163  10:52  Marine x4  
  163  10:53  Medivac, Marauder x3  
  175  11:00  Medivac  
  175  11:12  Barracks Reactor, Barracks Tech Lab  
  175  11:13  Marine x3  
  175  11:16  Ghost Academy  
  171  11:27  Marauder x2, Marine  
  171  11:28  Marauder  
  171  11:31  Marine x3  

Tags
 
Add a new tag
Caveats
  • Supply blocks, unpowered buildings, or Contaminate may cause inaccurate times.
  • Supply counts are checked every 10 seconds.